 Dungeon Crawl Stone Soup version 0.27.1-33-g824d729ab1 (webtiles) character file.

Game seed: 4244361642991134412

23 zeram the Shield-Bearer (level 2, 0/19 HPs)
             Began as a Gargoyle Fighter on Dec 23, 2021.
             Slain by a kobold (5 damage)
             ... on level 1 of the Dungeon.
             The game lasted 00:01:22 (545 turns).

zeram the Shield-Bearer (Gargoyle Fighter)           Turns: 545, Time: 00:01:23

Health: 0/19       AC: 10    Str: 19    XL:     2   Next: 95%
Magic:  2/2        EV:  7    Int:  8    God:
Gold:   35         SH:  9    Dex:  9    Spells: 1/1 levels left

rFire    . . .     SeeInvis .   a - +0 flail
rCold    . . .     Faith    .   c - +0 kite shield
rNeg     + . .     Spirit   .   b - +0 scale mail
rPois    ∞         Reflect  .   (no helmet)
rElec    +         Harm     .   (no cloak)
rCorr    .         Rampage  .   (no gloves)
Will     .....                  f - +0 pair of boots
Stlth    ..........             (no amulet)
HPRegen  0.06/turn              (no ring)
MPRegen  0.08/turn              (no ring)

@: no status effects
A: sickness immunity, AC +2, negative energy resistance 1, electricity
resistance, torment resistance 1, petrification resistance
a: no special abilities


You were on level 1 of the Dungeon.
You visited 1 branch of the dungeon, and saw 1 of its levels.

You collected 35 gold pieces.

Inventory:

Hand Weapons
 a - a +0 flail (weapon)
Missiles
 e - 6 javelins (quivered)
Armour
 b - a +0 scale mail (worn)
 c - a +0 kite shield (worn)
 f - a +0 pair of boots (worn)
Potions
 d - a potion of might


   Skills:
 - Level 3.2 Fighting
 + Level 2.4 Maces & Flails
 + Level 3.6 Armour
 + Level 3.8 Shields


You had one spell level left.
You didn't know any spells.
Your spell library was empty.

Dungeon Overview and Level Annotations

Branches:
Dungeon (1/15)

Altars:


Innate Abilities, Weirdness & Mutations

You are immune to sickness and miasma.
Your stone body is resilient. (AC +2)
You are immune to poison.
You resist negative energy. (rN+)
You are resistant to electric shocks. (rElec)
You are resistant to unholy torment.
You are immune to petrification.


Message History

The hobgoblin hits you but does no damage.
You hit the kobold but do no damage. You block the kobold's attack.
The hobgoblin hits you.
You barely miss the kobold. You block the kobold's attack.
You block the hobgoblin's attack. The kobold hits you but does no damage.
The hobgoblin closely misses you.
You hit the kobold but do no damage. The kobold hits you with a +0 whip.
The hobgoblin hits you but does no damage.
You miss the kobold. The kobold barely misses you.
The hobgoblin hits you but does no damage.
The kobold hits you but does no damage. You block the hobgoblin's attack.
You barely miss the kobold. The kobold hits you but does no damage.
You block the hobgoblin's attack.
You closely miss the kobold. You block the kobold's attack.
The hobgoblin hits you but does no damage.
The kobold hits you with a +0 whip.
* * * LOW HITPOINT WARNING * * *
You block the hobgoblin's attack.
You are too injured to fight recklessly!
You are too injured to fight recklessly!
You are too injured to fight recklessly!
You are too injured to fight recklessly!
You are too injured to fight recklessly!
You are too injured to fight recklessly!
You are too injured to fight recklessly!
You are too injured to fight recklessly!
You are too injured to fight recklessly!
You are too injured to fight recklessly!
You are too injured to fight recklessly!
You are too injured to fight recklessly!
You are too injured to fight recklessly!
You are too injured to fight recklessly!
You are too injured to fight recklessly!
You are too injured to fight recklessly!
You are too injured to fight recklessly!
Unknown command.
You are too injured to fight recklessly!
You are too injured to fight recklessly!
You hit the kobold but do no damage. The kobold hits you with a +0 whip.
You die...

##.)#####......#
..##..## #......##
.......####.......#
#....#...##......#
.................#
.#..........†....#
...#......#......#
..........#......#
..........#.....@#
.............##K##
.##.##.####..##g†...#
.#. #. #............
. .. #............
#............
#............
#............
#............


You could see a hobgoblin and a kobold.

Vanquished Creatures
  2 dart slugs (D:1)
  An endoplasm (D:1)
  2 giant cockroaches (D:1)
  2 goblins (D:1)
  A hobgoblin (D:1)
  A jackal (D:1)
  A quokka (D:1)
  A ball python (D:1)
  4 bats (D:1)
  2 rats (D:1)
17 creatures vanquished.

Notes
Turn   | Place    | Note
-------+----------+-------------------------------------------
     0 | D:1      | zeram the Gargoyle Fighter began the quest for the Orb.
     0 | D:1      | Reached XP level 1. HP: 14/14 MP: 1/1
   247 | D:1      | Reached XP level 2. HP: 19/19 MP: 2/2
   545 | D:1      | Slain by a kobold

Illustrated notes

Levels and vault maps discovered:
D:1:      minmay_arrival_glassed_features, layout_rooms

Action                   || total
-------------------------++-------
Melee: Flail             ||    72
Armor: Scale mail        ||    78
Dodge: Dodged            ||    30
Block: Kite shield       ||    53
